 Dungeon Crawl Stone Soup version 0.30.0-29-ga12c61a403 (webtiles) character file.

Game seed: 10345978678416905821

1563 qw the Cleaver (level 8, -4/49 HPs)
             Began as a Gargoyle Fighter on June 4, 2023.
             Was an Initiate of Okawaru.
             Slain by Maggie
             ... wielding a +1 long sword of flaming
              (8 damage)
             ... on level 6 of the Dungeon.
             The game lasted 00:02:48 (4815 turns).

qw the Cleaver (Gargoyle Fighter)                   Turns: 4815, Time: 00:02:49

Health: -4/49      AC: 20    Str: 22    XL:     8   Next: 89%
Magic:  8/8        EV:  6    Int:  9    God:    Okawaru [......]
Gold:   312        SH:  4    Dex: 13    Spells: 7/7 levels left

rFire   . . .        Y - +0 war axe
rCold   . . .        c - +0 buckler
rNeg    + . .        f - +0 plate armour
rPois   inf          l - +0 helmet
rElec   +            (no cloak)
rCorr   .            (no gloves)
SInv    .            h - +0 pair of boots
Will    .....        (no amulet) Stlth
                     b - +6 ring of dexterity
HPRegen 0.28/turn    (no ring)
MPRegen 0.11/turn

%: no passive effects
@: mesmerised
A: sickness immunity, AC +5, negative energy resistance 1, electricity
resistance, torment resistance 1, petrification resistance, clumsy 1
a: Renounce Religion


You were on level 6 of the Dungeon.
You worshipped Okawaru.
Okawaru was noncommittal.
You visited 2 branches of the dungeon, and saw 7 of its levels.

You collected 312 gold pieces.


Innate Abilities, Weirdness & Mutations

You are immune to sickness and miasma.
Your stone body is resilient. (AC +5)
You are immune to poison.
You resist negative energy. (rN+)
You are resistant to electric shocks. (rElec)
You are resistant to unholy torment.
You are immune to petrification.
You are clumsy. (Dex -2)


   Skills:
 + Level 5.2 Fighting
 - Level 8.0 Axes
 - Level 2.9 Throwing
 - Level 5.1 Armour
 - Level 1.2 Dodging
 - Level 3.2 Shields


You had 7 spell levels left.
You didn't know any spells.
Your spell library was empty.

Inventory:

Hand Weapons
 k - a +0 flail
 Y - a +0 war axe (weapon)
Armour
 c - a +0 buckler (worn)
 f - a +0 plate armour (worn)
 h - a +0 pair of boots (worn)
 i - a +1 helmet
 l - a +0 helmet (worn)
Jewellery
 b - a +6 ring of dexterity (left hand)
 e - a ring of fire
Scrolls
 a - a scroll of identify
Potions
 d - a potion of might
 g - 3 potions of curing
 j - 2 potions of magic
 o - a potion of mutation
 p - a potion of lignification
 r - a potion of attraction {unknown}

Dungeon Overview and Level Annotations

Branches:
Dungeon (6/15)             Temple (1/1) D:6

Altars:
Ashenzari
Cheibriados
Dithmenos
Elyvilon
Gozag
Hepliaklqana
Kikubaaqudgha
Nemelex Xobeh
Okawaru
Qazlal
Trog
Vehumet
Xom
Zin
The Shining One

Shops:
D:4 [

Annotations:
D:6 Maggie


Message History

Enter note:
Enter note:
Enter note:
Enter note:
Enter note:
4794 ||| FLEEEEING.
4796 ||| FLEEEEING.
4797 ||| FLEEEEING.
4798 ||| FLEEEEING.
4801 ||| FLEEEEING.
4802 ||| FLEEEEING.
4803 ||| FLEEEEING.
4804 ||| FLEEEEING.
Maggie gestures wildly while chanting.
Maggie attempts to bespell you!
You are mesmerised by Maggie!
You completely miss the orc. The orc barely misses you.
You closely miss the orc. The orc hits you but does no damage.
Maggie points at you and mumbles some strange words.
The bolt of fire hits the orc!!
The orc dies!
The bolt of fire hits you!
You see here a +0 dagger.
Maggie hits you but does no damage.
You closely miss Maggie.
Maggie casts a spell.
Maggie draws you further into her thrall.
You hit Maggie but do no damage. Maggie closely misses you.
You closely miss Maggie. Maggie closely misses you.
You closely miss Maggie. Maggie hits you but does no damage.
Maggie barely misses you.
You barely miss Maggie. Maggie hits you but does no damage.
You hit Maggie but do no damage.
Maggie hits you with a +1 long sword of flaming!
You die...

###### .....# ####.# #.# ####
#.######### #... #.........#
###### #.## #########.# #....#
#.# #.# #....# #.#
#####.###@)..##########.##
#.......@.................
#####.#...###....##########.##
#...>...#..################.##
#.###..###..## #........#...
###.##..##.#'.o### #......).#...
#......##...##...###........#...
#.......##.##..#............#...
#........###..#####.........#...


You could see Maggie (mesmerising).

Vanquished Creatures
  Grinder (D:6)
  A water moccasin (D:6)
  An orc warrior (D:6)
  A black bear (D:5)
  An ogre (D:6)
  4 scorpions
  3 wights (D:6)
  A howler monkey (D:5)
  2 hounds
  3 orc priests
  A gnoll bouda (D:5)
  Terence (D:2)
  2 iguanas
  A sleepcap (D:6)
  An orc wizard (D:6)
  Robin (D:2)
  7 adders
  8 gnolls
  A shadow imp (D:6)
  An ufetubus (D:6)
  A dart slug (D:2)
  8 orcs
  7 bats
  7 endoplasms
  5 giant cockroaches
  10 goblins
  15 hobgoblins
  6 jackals
  8 quokkas
  8 ball pythons
  4 frilled lizards
  4 kobolds
  4 rats
129 creatures vanquished.

Vanquished Creatures (others)
  An orc (D:6)
1 creature vanquished.

Grand Total: 130 creatures vanquished

Notes
Turn   | Place    | Note
-------+----------+-------------------------------------------
     0 | D:1      | qw the Gargoyle Fighter began the quest for the Orb.
     0 | D:1      | Reached XP level 1. HP: 14/14 MP: 1/1
     0 | D:1      | 0 ||| qw: Version: 0.2-a-107-g4668610
     0 | D:1      | 0 ||| qw: Game counter: 1200
     0 | D:1      | 0 ||| qw: Always use a shield: true
     0 | D:1      | 0 ||| qw: God list: Okawaru
     0 | D:1      | 0 ||| qw: Allow faded altars: false
     0 | D:1      | 0 ||| qw: Do Orc after D:15 true
     0 | D:1      | 0 ||| qw: Do second Lair branch before Depths: true
     0 | D:1      | 0 ||| qw: Lair rune preference: random
     0 | D:1      | 0 ||| qw: Plans: Normal, Zot:1-4, Slime:5, God:TSO, Crypt,
                  | Tomb, Abyss, Pan, Hells, Win
     0 | D:1      | 0 ||| PLANNING D:1-11
     2 | D:1      | Noticed a human
     4 | D:1      | Noticed a minotaur
     4 | D:1      | Noticed a troll
     6 | D:1      | Noticed a spriggan
     6 | D:1      | Noticed a ghoul
     8 | D:1      | Noticed a felid
     8 | D:1      | Noticed an armataur
    10 | D:1      | Noticed an ogre
    12 | D:1      | Noticed an octopode
    12 | D:1      | Noticed a draconian
    14 | D:1      | Noticed a tengu
    14 | D:1      | Noticed a merfolk
    16 | D:1      | Noticed a vine stalker
    18 | D:1      | Noticed a naga
    18 | D:1      | Noticed a demonspawn
    20 | D:1      | Noticed a formicid
    20 | D:1      | Noticed a vampire
    22 | D:1      | Noticed an elf
    22 | D:1      | Noticed a gargoyle
    24 | D:1      | Noticed a human
    24 | D:1      | Noticed a meteoran
    26 | D:1      | Noticed a troll
    26 | D:1      | Noticed a minotaur
    48 | D:1      | Reached skill level 2 in Axes
    81 | D:1      | Reached XP level 2. HP: 19/19 MP: 2/2
   339 | D:1      | 339 ||| Stepping ~*~*~tactically~*~*~ (stealth).
   373 | D:1      | Reached skill level 3 in Axes
   387 | D:1      | Reached XP level 3. HP: 23/23 MP: 3/3
   502 | D:1      | 502 ||| UPGRADING to +0 pair of boots.
   507 | D:1      | 507 ||| READING 2 scrolls labelled OKOFUE ACUSAO.
   508 | D:1      | 508 ||| READING scroll labelled ZUPEYSS MOFANT.
   513 | D:1      | 513 ||| READING scroll labelled VABLEC HOKUJI.
   806 | D:2      | Noticed Terence
   819 | D:2      | Killed Terence
   820 | D:2      | Reached skill level 4 in Axes
   820 | D:2      | Reached XP level 4. HP: 18/28 MP: 4/4
   933 | D:2      | 933 ||| FLEEEEING.
   934 | D:2      | 934 ||| FLEEEEING.
   951 | D:2      | 951 ||| Stepping ~*~*~tactically~*~*~ (stealth).
  1041 | D:2      | 1041 ||| Stepping ~*~*~tactically~*~*~ (stealth).
  1042 | D:2      | 1042 ||| Stepping ~*~*~tactically~*~*~ (stealth).
  1054 | D:2      | 1054 ||| Stepping ~*~*~tactically~*~*~ (stealth).
  1104 | D:2      | 1104 ||| Stepping ~*~*~tactically~*~*~ (stealth).
  1136 | D:2      | 1136 ||| Stepping ~*~*~tactically~*~*~ (hiding).
  1139 | D:2      | 1139 ||| Stepping ~*~*~tactically~*~*~ (hiding).
  1313 | D:2      | 1313 ||| Stepping ~*~*~tactically~*~*~ (stealth).
  1324 | D:2      | Noticed Robin
  1325 | D:2      | 1325 ||| Stepping ~*~*~tactically~*~*~ (stealth).
  1331 | D:2      | 1331 ||| Stepping ~*~*~tactically~*~*~ (hiding).
  1338 | D:2      | Killed Robin
  1553 | D:2      | Reached XP level 5. HP: 32/32 MP: 5/5
  1619 | D:2      | 1619 ||| UPGRADING to +0 plate armour.
  1629 | D:2      | 1629 ||| DROPPING +0 scale mail.
  1630 | D:2      | 1630 ||| UPGRADING to +0 helmet.
  1635 | D:2      | 1635 ||| READING scroll labelled TAUHUESHIF.
  1636 | D:2      | 1636 ||| DRINKING 2 lumpy amethyst potions.
  1637 | D:2      | 1637 ||| READING 2 scrolls of identify.
  1637 | D:2      | 1637 ||| IDENTIFYING smoky dark potion
  1737 | D:3      | 1737 ||| Stepping ~*~*~tactically~*~*~ (stealth).
  1740 | D:3      | 1740 ||| Stepping ~*~*~tactically~*~*~ (stealth).
  1742 | D:3      | 1742 ||| Stepping ~*~*~tactically~*~*~ (hiding).
  1932 | D:3      | Reached skill level 5 in Axes
  1997 | D:3      | Identified the +6 spear of Pugeat {heavy, Fly rElec rC+
                  | Dex-2}
  2060 | D:3      | 2060 ||| READING scroll labelled YCVEZE KOET.
  2061 | D:3      | 2061 ||| READING scroll labelled HAUJALAURE.
  2205 | D:4      | Found Rinos Xees's Armour Shoppe.
  2274 | D:4      | 2274 ||| SHOPLISTING +2 kite shield of fire resistance (258
                  | gold, have 88).
  2274 | D:4      | 2274 ||| SHOPLISTING +4 pair of boots of the Bagpipe
                  | {Rampage *Slow rElec Dex+4} (495 gold, have 88).
  2386 | D:4      | 2386 ||| Stepping ~*~*~tactically~*~*~ (stealth).
  2388 | D:4      | 2388 ||| Stepping ~*~*~tactically~*~*~ (hiding).
  2467 | D:4      | Reached XP level 6. HP: 38/38 MP: 6/6
  2622 | D:4      | 2622 ||| READING 2 scrolls labelled XIPISY AXTE.
  2623 | D:4      | 2623 ||| DRINKING 2 pink potions.
  2624 | D:4      | 2624 ||| DRINKING 3 potions of curing.
  2624 | D:4      | 2624 ||| (to cure confusion)
  2625 | D:4      | 2625 ||| DROPPING potion of ambrosia.
  2626 | D:4      | 2626 ||| DROPPING scroll of magic mapping.
  2639 | D:5      | Entered Level 5 of the Dungeon
  2733 | D:5      | Found a broken altar of Ashenzari.
  2735 | D:5      | Noticed a black bear
  2740 | D:5      | 2740 ||| Stepping ~*~*~tactically~*~*~ (stealth).
  2745 | D:5      | Killed a black bear
  2746 | D:5      | Reached skill level 6 in Axes
  2761 | D:5      | HP: 8/38 [iguana (8)]
  2762 | D:5      | 2762 ||| READING scroll of teleportation.
  2917 | D:5      | Reached XP level 7. HP: 33/43 MP: 7/7
  3142 | D:5      | 3142 ||| Stepping ~*~*~tactically~*~*~ (hiding).
  3143 | D:5      | 3143 ||| Stepping ~*~*~tactically~*~*~ (hiding).
  3145 | D:5      | 3145 ||| Stepping ~*~*~tactically~*~*~ (hiding).
  3146 | D:5      | 3146 ||| Stepping ~*~*~tactically~*~*~ (hiding).
  3188 | D:5      | 3188 ||| Stepping ~*~*~tactically~*~*~ (stealth).
  3376 | D:5      | 3376 ||| DROPPING ring of wizardry.
  3377 | D:5      | 3377 ||| READING scroll labelled DOACEQ INNYU.
  3378 | D:5      | 3378 ||| READING scroll labelled BENWYR ICENK.
  3479 | D:5      | 3479 ||| READING scroll labelled LAATOA DOQOY.
  3480 | D:5      | 3480 ||| READING scroll labelled GACWOK IRAG.
  3512 | D:5      | 3512 ||| DRINKING 2 puce potions.
  3512 | D:5      | Gained mutation: You are clumsy. (Dex -2) [potion of
                  | mutation]
  3513 | D:5      | 3513 ||| READING 3 scrolls of identify.
  3513 | D:5      | 3513 ||| IDENTIFYING green potion
  3514 | D:5      | 3514 ||| READING 2 scrolls of identify.
  3514 | D:5      | 3514 ||| IDENTIFYING viscous orange potion
  3515 | D:5      | 3515 ||| DROPPING potion of berserk rage.
  3516 | D:5      | 3516 ||| DROPPING potion of brilliance.
  3538 | D:6      | 3538 ||| PLANNING OSSUARY
  3543 | D:6      | Noticed Grinder
  3555 | D:6      | Killed Grinder
  3686 | D:6      | 3686 ||| Stepping ~*~*~tactically~*~*~ (stealth).
  3689 | D:6      | 3689 ||| Stepping ~*~*~tactically~*~*~ (hiding).
  3702 | D:6      | Reached skill level 7 in Axes
  3702 | D:6      | Reached XP level 8. HP: 37/48 MP: 8/8
  3720 | D:6      | HP: 12/48 [orc warrior/+0 trident (2)]
  3721 | D:6      | 3721 ||| DRINKING potion of heal wounds.
  3814 | D:6      | 3814 ||| Stepping ~*~*~tactically~*~*~ (stealth).
  3820 | D:6      | 3820 ||| Stepping ~*~*~tactically~*~*~ (stealth).
  3822 | D:6      | 3822 ||| FLEEEEING.
  3939 | D:6      | 3939 ||| Stepping ~*~*~tactically~*~*~ (stealth).
  4134 | D:6      | Reached skill level 8 in Axes
  4171 | D:6      | 4171 ||| RIP OSSUARY
  4194 | D:6      | 4194 ||| PLANNING D:1-11
  4260 | D:6      | Found a staircase to the Ecumenical Temple.
  4261 | D:6      | 4261 ||| PLANNING TEMPLE
  4264 | D:6      | 4264 ||| UPGRADING to +6 ring of dexterity.
  4265 | D:6      | 4265 ||| READING 2 scrolls of identify.
  4265 | D:6      | 4265 ||| IDENTIFYING orange potion
  4270 | Temple   | Entered the Ecumenical Temple
  4284 | Temple   | 4284 ||| PLANNING OKAWARU WORSHIP
  4327 | Temple   | Became a worshipper of Warmaster Okawaru
  4327 | Temple   | 4327 ||| PLANNING D:1-11
  4463 | D:6      | Found a shadowy altar of Dithmenos.
  4593 | D:6      | Reached skill level 1 in Dodging
  4769 | D:6      | Noticed Maggie
  4770 | D:6      | 4770 ||| Stepping ~*~*~tactically~*~*~ (hiding).
  4772 | D:6      | 4772 ||| FLEEEEING.
  4773 | D:6      | 4773 ||| FLEEEEING.
  4774 | D:6      | 4774 ||| FLEEEEING.
  4775 | D:6      | 4775 ||| FLEEEEING.
  4775 | D:6      | HP: 9/49 [Maggie/bolt of fire (14)]
  4776 | D:6      | 4776 ||| FLEEEEING.
  4777 | D:6      | 4777 ||| FLEEEEING.
  4778 | D:6      | 4778 ||| FLEEEEING.
  4779 | D:6      | 4779 ||| FLEEEEING.
  4780 | D:6      | 4780 ||| FLEEEEING.
  4781 | D:6      | 4781 ||| FLEEEEING.
  4782 | D:6      | 4782 ||| FLEEEEING.
  4784 | D:6      | 4784 ||| FLEEEEING.
  4786 | D:6      | 4786 ||| FLEEEEING.
  4787 | D:6      | 4787 ||| FLEEEEING.
  4789 | D:6      | 4789 ||| FLEEEEING.
  4790 | D:6      | 4790 ||| FLEEEEING.
  4791 | D:6      | 4791 ||| FLEEEEING.
  4792 | D:6      | 4792 ||| FLEEEEING.
  4793 | D:6      | 4793 ||| FLEEEEING.
  4794 | D:6      | 4794 ||| FLEEEEING.
  4796 | D:6      | 4796 ||| FLEEEEING.
  4797 | D:6      | 4797 ||| FLEEEEING.
  4798 | D:6      | 4798 ||| FLEEEEING.
  4801 | D:6      | 4801 ||| FLEEEEING.
  4802 | D:6      | 4802 ||| FLEEEEING.
  4803 | D:6      | 4803 ||| FLEEEEING.
  4804 | D:6      | 4804 ||| FLEEEEING.
  4807 | D:6      | HP: 2/49 [Maggie/bolt of fire (16)]
  4815 | D:6      | Slain by Maggie

Levels and vault maps discovered:
D:1:      kb_arrival_jail, layout_rooms, minmay_heptomino_d4
D:2:      layout_loops_corners, uniq_terence, uniq_robin
D:3:      layout_rooms
D:4:      layout_rooms, serial_shops, nicolae_shop_rolling_square
D:5:      layout_rooms, mainiacjoe_overflow_small_starburst,
          kennysheep_generic_room_13
D:6:      layout_basic, grunt_dithmenos_shadows,
          minmay_temple_entry_proselytizer, enter_ossuary_5, uniq_grinder,
          uniq_maggie
Temple:   cyrus_circular_temple

Skill      XL: |  1  2  3  4  5  6  7  8 |
---------------+-------------------------+-----
Axes           | 2 3 4 5 6 7 8 |  8.0
Fighting       | 4 5 |  5.2
Armour         | 4 5 |  5.1
Throwing       | 2 |  2.9
Dodging        | 1 |  1.2
Shields        | |  3.2

Action                     |  1- 3 |  4- 6 |  7- 9 || total
---------------------------+-------+-------+-------++-------
  Melee: War axe           |   127 |   152 |   161 ||   440
  Throw: Javelin           |       |       |     7 ||     7
    Use: Scroll            |     3 |     6 |     7 ||    16
         Potion            |       |     3 |     2 ||     5
 Armour: Scale mail        |    72 |    27 |       ||    99
         Plate armour      |       |    71 |   103 ||   174
  Dodge: Dodged            |    70 |    31 |    46 ||   147
  Block: Buckler           |    23 |    23 |    19 ||    65

Table legend:
 A = Non-vault XP
 B = Vault XP
 C = Vault XP percentage of total XP
 D = Non-vault monster count
 E = Vault monster count
 F = Vault count percentage of total count
                 A         B        C        D         E       F
            +---------+---------+-------+---------+---------+-------
      Total |    1838 |     395 |  17.7 |     111 |      18 |  14.0
            +---------+---------+-------+---------+---------+-------
        D:1 |      52 |       2 |   3.7 |      29 |       2 |   6.5
        D:2 |      40 |      71 |  64.0 |      22 |      12 |  35.3
        D:3 |      75 |       0 |   0.0 |      10 |       0 |   0.0
        D:4 |     118 |       0 |   0.0 |      18 |       0 |   0.0
        D:5 |     492 |       3 |   0.6 |      14 |       1 |   6.7
        D:6 |    1061 |     319 |  23.1 |      18 |       3 |  14.3
            +---------+---------+-------+---------+---------+-------
